 Dungeon Sprint DCSS version 0.27-a0-1256-gced786f65e (webtiles) character file.

Game seed: 13601086444753145942

1180 mhtbhm the Impaler (level 8, -2/75 HPs)
             Began as a Merfolk Berserker on June 10, 2021.
             Was an Elder of Trog.
             Slain by a killer bee (6 damage)
             ... in the Dungeon (Sprint IV: "Fedhas' Mad Dash").
             The game lasted 00:02:46 (1686 turns).

mhtbhm the Impaler (Merfolk Berserker)              Turns: 1686, Time: 00:02:46

Health: -2/75      AC:  2    Str: 20    XL:     8   Next: 42%
Magic:  8/8        EV: 15    Int:  6    God:    Trog [****..]
Gold:   43         SH:  0    Dex: 13    Spells: 7/7 levels left

rFire    . . .     SeeInvis .   a - +0 spear
rCold    . . .     Faith    .   (no shield)
rNeg     . . .     Spirit   .   b - +0 animal skin
rPois    .         Reflect  .   (no helmet)
rElec    .         Harm     .   (no cloak)
rCorr    .         Rampage  .   (no gloves)
Will     ++...     NoTele   +   (no boots)
Stlth    +++.......             j - amulet of invisibility {+Inv}
HPRegen  1.22/turn              (no ring)
MPRegen  0.11/turn              (no ring)

@: lethally poisoned (-2 -> -3), strong-willed, on berserk cooldown, very
slightly contaminated, regenerating, slowed, very slow
A: (nimble swimmer 2), mertail
a: Renounce Religion, Evoke Invisibility, Berserk, Trog's Hand, Brothers in Arms


You were in the Dungeon.
You worshipped Trog.
Trog was greatly pleased with you.
You visited 1 branch You collected 95 gold pieces.
You spent 52 gold pieces at shops.

Inventory:

Hand Weapons
 a - a +0 spear (weapon)
Armour
 b - a +0 animal skin (worn)
Jewellery
 j - the amulet of invisibility (around neck) {+Inv}
   (You found it in the Dungeon)

   [amulet of nothing]

   It lets you turn invisible.
Scrolls
 l - a scroll of enchant armour
Potions
 e - a potion of haste
 f - 2 potions of magic
 g - a potion of berserk rage
 i - a potion of might
Miscellaneous
 k - a condenser vane


   Skills:
 + Level 11.2 Fighting
 + Level 15.0 Polearms
 + Level 4.0 Armour
 + Level 7.2 Dodging
 + Level 6.5 Stealth
 + Level 5.4 Evocations


You had 7 spell levels left.
You didn't know any spells.
Your spell library was empty.

Dungeon Overview and Level Annotations

Branches:
Dungeon (1/1)

Altars:
Cheibriados
Dithmenos
Elyvilon
Gozag
Hepliaklqana
Kikubaaqudgha
Makhleb
Nemelex Xobeh
Okawaru
Qazlal
Ru
Sif Muna
Trog
Uskayaw
Vehumet
Wu Jian
Xom
Yredelemnul
Zin
The Shining One
Beogh
Jiyva
Lugonu

Shops:
D *?=!


Innate Abilities, Weirdness & Mutations

((You are quick and stealthy near water. (Stealth+, EV+, Speed+++)))
Your lower body shifts to a powerful aquatic tail in water.


Message History

Your deep troll claws the killer bee!
Your deep troll completely misses the killer bee.
The killer bee stings your deep troll!
Your deep troll is poisoned.
The killer bee poisons your deep troll!
Unknown command.
You miss the killer bee.
The killer bee is moderately wounded.
The killer bee stings you. The killer bee barely misses you. x3
Your deep troll closely misses the killer bee.
Your deep troll claws the killer bee!
Your deep troll claws the killer bee.
The killer bee misses you.
Unknown command.
Unknown command.
You hit the killer bee.
The killer bee is almost dead.
The killer bee completely misses you. The killer bee barely misses you.
The killer bee rages.
Your deep troll closely misses the killer bee.
Your deep troll misses the killer bee.
Your deep troll closely misses the killer bee.
The killer bee stings you.
* * * LOW HITPOINT WARNING * * *
The killer bee stings you!
* * * LOW HITPOINT WARNING * * *
You are poisoned.
The killer bee poisons you!
Unknown command.
Unknown command.
Your skin crawls.
You feel strong-willed.
You feel very sick. The killer bee barely misses you.
The killer bee stings you.
* * * LOW HITPOINT WARNING * * *
The killer bee closely misses you. The killer bee misses you.
The killer bee barely misses you.
Your deep troll barely misses the killer bee. x2
Your deep troll closely misses the killer bee.
The killer bee stings you.
You die...

################################
#<..P#.....#.....#.⌠._._._._.⌠.#
#PP..'.[...'.#.).'.._._._._._..'
#PPPP#.....#.#...#..._._._._...#
###############T##.._._._._._..#
#...♣........yy@.#._._._._._.⌠.#
#...†..♣.....#y..###############
#.....♣..♣..######*****,,*,***,+
##+####+#####*,,+,,,,,,*,,***,,*
*,,*,,,,+,,,,,,,**,,***,*,,***,*
*,,*,,***,,,,,,,*,**,,*,,,*+,,,*
********************************
*,,,,,,,,,,,,,,,,,,,,,,* ***,,
*∩,,,,,,,,,,,,,,,,,,,,,*****,,,*


You could see 3 killer bees and a friendly deep troll (summoned, berserk, very
poisoned).

Vanquished Creatures
  A burning bush (D)
  A queen bee (D)
  2 wandering mushrooms (D)
  3 scorpions (D)
  A killer bee (D)
  4 oklob saplings (D)
  2 spriggans (D)
  A river rat (D)
  A rat (D)
16 creatures vanquished.

Notes
Turn   | Place    | Note
-------+----------+-------------------------------------------
     0 | D        | mhtbhm the Merfolk Berserker began the quest for the Orb.
     0 | D        | Reached XP level 1. HP: 18/18 MP: 1/1
    13 | D        | Reached skill level 5 in Polearms
    13 | D        | Reached XP level 2. HP: 26/26 MP: 2/2
   172 | D        | Noticed an oklob sapling
   175 | D        | Killed an oklob sapling
   175 | D        | Reached ** piety under Trog
   176 | D        | Reached skill level 5 in Fighting
   176 | D        | Reached skill level 7 in Polearms
   176 | D        | Reached XP level 3. HP: 33/33 MP: 3/3
   323 | D        | Noticed a scorpion
   324 | D        | Found the amulet of invisibility {+Inv}
   327 | D        | Killed a scorpion
   328 | D        | Reached skill level 9 in Polearms
   328 | D        | Reached XP level 4. HP: 41/41 MP: 4/4
   481 | D        | Found an opulent altar of Gozag.
   481 | D        | Found a hazy altar of Hepliaklqana.
   481 | D        | Found a burning altar of Makhleb.
   481 | D        | Found a sparkling altar of Nemelex Xobeh.
   481 | D        | Found a snail-covered altar of Cheibriados.
   481 | D        | Found a sacrificial altar of Ru.
   481 | D        | Found a shimmering blue altar of Sif Muna.
   481 | D        | Found a shimmering altar of Xom.
   481 | D        | Found a basalt altar of Yredelemnul.
   482 | D        | Found a viscous altar of Jiyva.
   482 | D        | Found a bloodstained altar of Trog.
   482 | D        | Found an ornate altar of the Wu Jian Council.
   482 | D        | Noticed an oklob sapling priest
   483 | D        | Found an iron altar of Okawaru.
   483 | D        | Found a shadowy altar of Dithmenos.
   483 | D        | Found a glowing silver altar of Zin.
   484 | D        | Found an ancient bone altar of Kikubaaqudgha.
   484 | D        | Found a hide-covered altar of Uskayaw.
   485 | D        | Found a stormy altar of Qazlal.
   485 | D        | Found a white marble altar of Elyvilon.
   485 | D        | Found a glowing golden altar of the Shining One.
   486 | D        | Found a corrupted altar of Lugonu.
   486 | D        | Found a radiant altar of Vehumet.
   491 | D        | Killed an oklob sapling priest
   492 | D        | Reached skill level 1 in Stealth
   492 | D        | Reached XP level 5. HP: 48/48 MP: 2/5
   650 | D        | Reached *** piety under Trog
   651 | D        | Reached skill level 10 in Polearms
   651 | D        | Reached skill level 5 in Dodging
   651 | D        | Reached skill level 1 in Evocations
   805 | D        | Reached skill level 11 in Polearms
   805 | D        | Reached XP level 6. HP: 57/57 MP: 6/6
   933 | D        | Found Xuripasop's Magic Scroll Shop.
   933 | D        | Found Imirghig's Assorted Antiques.
   941 | D        | Bought a scroll of identify for 26 gold pieces
   941 | D        | Bought a scroll of identify for 26 gold pieces
   949 | D        | Noticed a burning bush
   949 | D        | Noticed a wandering mushroom
   950 | D        | Noticed a wandering mushroom
   960 | D        | Reached **** piety under Trog
   961 | D        | Reached skill level 12 in Polearms
  1239 | D        | Killed a wandering mushroom
  1240 | D        | Reached skill level 10 in Fighting
  1240 | D        | Reached skill level 13 in Polearms
  1240 | D        | Reached XP level 7. HP: 66/66 MP: 7/7
  1247 | D        | Killed a wandering mushroom
  1261 | D        | Killed a burning bush
  1262 | D        | Reached skill level 14 in Polearms
  1262 | D        | Reached skill level 5 in Stealth
  1262 | D        | Reached XP level 8. HP: 41/74 MP: 8/8
  1400 | D        | Found Udapp's Distillery.
  1400 | D        | Found Fownol's Jewellery Shoppe.
  1648 | D        | Noticed a queen bee
  1672 | D        | Killed a queen bee
  1672 | D        | Reached ***** piety under Trog
  1673 | D        | Reached skill level 15 in Polearms
  1673 | D        | Reached skill level 5 in Evocations
  1679 | D        | HP: 3/75 [poisoned by a killer bee]
  1686 | D        | Slain by a killer bee

Illustrated notes

Levels and vault maps discovered:
D:        dungeon_sprint_fedhas [sprint_temple]

Skill      XL: |  1  2  3  4  5  6  7  8 |
---------------+-------------------------+-----
Fighting       | 4 5 6 7 8 10 11 | 11.2
Polearms       | 5 7 9 11 13 14 15 | 15.0
Dodging        | 3 4 5 6 7 |  7.2
Armour         | 2 3 4 |  4.0
Stealth        | 1 2 4 5 6 |  6.5
Evocations     | 2 3 4 5 |  5.4

Action                   |  1- 3 |  4- 6 |  7- 9 || total
-------------------------+-------+-------+-------++-------
Melee: Spear             |    11 |    51 |    47 ||   109
Invok: Berserk           |     3 |     5 |     2 ||    10
       Trog's Hand       |       |       |     1 ||     1
       Brothers in Arms  |       |       |     1 ||     1
 Abil: Evoke Invisibilit |       |     3 |     1 ||     4
  Use: Scroll            |       |     3 |     2 ||     5
       Potion            |       |       |     2 ||     2
 Stab: Invisible         |       |     3 |     3 ||     6
       Sleeping          |       |       |     2 ||     2
Armor: Animal skin       |       |       |     3 ||     3
Dodge: Dodged            |     3 |    11 |    48 ||    62

Table legend: (Time is in decaauts)
 A = Elapsed time spent in this place.
 B = Non-inter-level travel time spent in this place.
 C = Inter-level travel time spent in this place.
 D = Time resting spent in this place.
 E = Time spent auto-exploring this place.
 F = Levels seen in this place.
 G = Mean time per level.
                   A        B        C        D        E       F      G
               +--------+--------+--------+--------+--------+-----+--------+
         Total |   1716 |   1716 |      0 |   1449 |      0 |   1 | 1716.0 |
       Dungeon |   1716 |   1716 |      0 |   1449 |      0 |   1 | 1716.0 |
               +--------+--------+--------+--------+--------+-----+--------+

Top non-repeatable levels by time:
       D: 1716 daAuts
